Penguins vs Red Wings

Created - April 10, 2022 at 19:56

Goals
1 2 3 T
Penguins 0 1 1 2
Red Wings 0 1 0 1
Shots
1 2 3 T
Penguins 6 13 12 31
Red Wings 13 6 8 27

1st period

No Goal

Penalties :
Robert Hagg (Pit) for Roughing (Minor) at 7:45, Roope Hintz (Pit) for Charging (Minor) at 12:06

2nd period

1. Penguins , Steven Stamkos 33 (Derek Boogaard 5, Nikita Kucherov 31) at 13:24 (PP)
2. Red Wings , Kris Versteeg 20 (Mike Richards 27) at 18:31

Penalties :
Keith Aulie (Pit) for Tripping (Minor) at 10:38, Dylan Larkin (Det) for Roughing (Minor) at 13:09

3rd period

3. Penguins , Steven Stamkos 34 (Nikita Kucherov 32, Nick Leddy 13) at 2:41

Penalties :
Philip Samuelsson (Det) for Hooking (Minor) at 4:28

Goalie Stats

Viktor Fasth (Pit), 26 saves from 27 shots - (0.963), W, 13-8-3, 60:00 minutes
Robin Lehner (Det), 29 saves from 31 shots - (0.935), L, 25-12-4, 60:00 minutes

Players Stats for Penguins

Player Name              G  A  P  +/- PIM S  H  SB GA TA FO     MP     PP MP  PK MP  
------------------------------------------------------------------------------------
Brandon Tanev            0  0  0   0  0   1  1  0  0  0  0/1     8:24   0:00   0:00 
Cal Clutterbuck          0  0  0   0  0   1  1  0  0  0  0/1    10:40   0:00   0:00 
Clarke MacArthur         0  0  0   0  0   0  0  0  0  1  0/0    12:02   0:00   0:38 
Damon Severson           0  0  0   1  0   1  2  1  0  0  0/0    12:55   0:00   0:48 
Derek Boogaard           0  1  1   0  0   3  1  1  0  0  1/3    21:18   1:16   2:55 
Derek Stepan             0  0  0   0  0   5  2  0  0  0  5/13   18:45   0:58   2:09 
Jeff Skinner             0  0  0   0  0   3  2  1  2  0  0/0    17:42   0:58   1:50 
Joe Colborne             0  0  0   0  0   1  3  1  1  0  3/6    10:40   0:00   0:00 
Joe Pavelski             0  0  0   0  0   1  1  1  0  1  0/0    17:08   0:58   1:16 
Keith Aulie              0  0  0   0  2   4  3  3  1  1  0/0    27:27   1:29   2:10 
Marcus Foligno           0  0  0   0  0   0  2  0  0  0  0/0     8:24   0:00   0:00 
Nick Leddy               0  1  1  -1  0   0  1  2  2  0  0/0    20:01   0:45   2:59 
Nikita Kucherov          0  2  2   0  0   3  3  0  0  0  0/1    18:23   1:16   0:00 
Oliver Ekman-Larsson     0  0  0   0  0   3  1  1  1  0  0/0    27:44   1:29   2:50 
Robert Hagg              0  0  0   1  2   0  0  0  0  1  0/0    12:16   0:00   0:08 
Roope Hintz              0  0  0   0  2   0  0  0  0  1  2/4     8:41   0:00   0:00 
Sean Zimmerman           0  0  0  -1  0   1  0  2  0  1  0/0    20:01   0:45   2:59 
Steven Stamkos           2  0  2   0  0   4  2  1  0  0  15/29  21:29   1:16   3:06 

Players Stats for Red Wings

Player Name              G  A  P  +/- PIM S  H  SB GA TA FO     MP     PP MP  PK MP  
------------------------------------------------------------------------------------
Carson Mcmillan          0  0  0   0  0   2  1  0  0  0  1/1     9:46   0:05   1:24 
Connor Brown             0  0  0   1  0   1  1  0  0  0  0/0    17:01   2:36   0:00 
David Rundblad           0  0  0   0  0   0  0  0  0  0  0/0    16:01   2:44   0:00 
Drew Fata                0  0  0   0  0   2  1  1  1  0  0/0    22:34   0:30   1:22 
Dylan Larkin             0  0  0   0  2   1  1  0  0  0  4/8    13:20   2:36   0:00 
Henrik Zetterberg        0  0  0  -1  0   2  1  0  1  0  14/25  21:41   3:16   0:00 
Jiri Fischer             0  0  0   0  0   1  0  0  0  1  0/0    16:38   0:00   0:52 
Jordin Tootoo            0  0  0   0  0   3  0  0  0  0  0/0    11:19   0:05   0:00 
Kris Versteeg            1  0  1   1  0   2  5  1  0  1  1/2    19:52   2:43   1:24 
Marko Dano               0  0  0  -1  0   1  3  1  0  1  1/4    21:45   3:16   0:21 
Michael Haley            0  0  0   0  0   0  0  0  0  0  0/0     8:31   0:00   0:29 
Mike Richards            0  1  1   1  0   2  0  1  1  0  9/15   17:01   2:36   0:00 
Nino Niederreiter        0  0  0  -1  0   7  2  1  2  0  1/1    21:45   3:16   0:21 
Ole-Kristian Tollefsen   0  0  0   0  0   2  2  1  0  2  0/0    19:50   2:43   1:22 
Philip Samuelsson        0  0  0   0  2   0  1  3  0  1  0/0    25:21   3:14   0:00 
Ryan O'Byrne             0  0  0   0  0   0  0  2  0  1  0/0    15:29   0:00   0:52 
T.J. Hensick             0  0  0   0  0   0  2  0  1  0  1/2     8:31   0:00   0:29 
Tye McGinn               0  0  0   0  0   1  3  0  0  0  0/0    11:19   0:05   0:00 

3 Stars

1 - Steven Stamkos (Pit)
2 - Kris Versteeg (Det)
3 - Viktor Fasth (Pit)

Power Play

Penguins - 1 on 2 Attempt(s) - 50.00%
Red Wings - 0 on 3 Attempt(s) - 0.00%

Penalty Kill

Penguins - 3 on 3 Attempt(s) - 100.00% - Score 0 goal in Penalty Kill
Red Wings - 1 on 2 Attempt(s) - 50.00% - Score 0 goal in Penalty Kill

Team Stat

Penguins - Hits : 25 - Faceoff Wins : 26 - Blocked Shots : 14 - Penalty Minutes : 6
Red Wings - Hits : 23 - Faceoff Wins : 32 - Blocked Shots : 11 - Penalty Minutes : 4

Official

Referees : Marc Joannette and Jacob Brenk
Linesman : Travis Toomey and Shandor Alphonso

Game Notes

David Rundblad is injured at 15:57 of 3rd period (Strained Right Elbow)

Finance

Level 1 -- Attendance: 5721 (95.35%) -- Ticket Income $572,100
Level 2 -- Attendance: 4632 (92.64%) -- Ticket Income $277,920
Level 3 -- Attendance: 1929 (96.45%) -- Ticket Income $67,515
Level 4 -- Attendance: 3894 (97.35%) -- Ticket Income $97,350
Luxury Box -- Attendance: 1000 (100.00%) -- Ticket Income $200,000
Game was played at the Little Caesars arena.
Total Attendance: 17176 (95.42%)
Total Ticket Income: $1,214,885
Other Income: $182,233
Total Income: $1,397,118

Penguins

5 vs 5 Forward 
   Center                   Left Wing                Right Wing               Time % Phy DF OF 
 1 Steven Stamkos           Derek Boogaard           Nikita Kucherov          40     1   2  2  
 2 Derek Stepan             Jeff Skinner             Joe Pavelski             30     1   2  2  
 3 Joe Colborne             Clarke MacArthur         Cal Clutterbuck          20     1   2  2  
 4 Roope Hintz              Brandon Tanev            Marcus Foligno           10     1   2  2  

5 vs 5 Defense 
   Defense                  Defense                                           Time % Phy DF OF 
 1 Oliver Ekman-Larsson     Keith Aulie                                       40     1   2  2  
 2 Sean Zimmerman           Nick Leddy                                        30     1   2  2  
 3 Damon Severson           Robert Hagg                                       20     1   2  2  
 4 Oliver Ekman-Larsson     Keith Aulie                                       10     1   2  2  

PowerPlay Forward 
   Center                   Left Wing                Right Wing               Time % Phy DF OF 
 1 Steven Stamkos           Derek Boogaard           Nikita Kucherov          60     1   2  2  
 2 Derek Stepan             Jeff Skinner             Joe Pavelski             40     1   2  2  

PowerPlay Defense
   Defense                  Defense                                           Time % Phy DF OF 
 1 Oliver Ekman-Larsson     Keith Aulie                                       60     1   2  2  
 2 Sean Zimmerman           Nick Leddy                                        40     1   2  2  

Penalty Kill 4 Players Forward 
   Center                   Wing                     Time % Phy DF OF 
 1 Steven Stamkos           Derek Boogaard           60     1   2  2  
 2 Derek Stepan             Jeff Skinner             40     1   2  2  

Penalty Kill 4 Players Defense
   Defense                  Defense                  Time % Phy DF OF 
 1 Oliver Ekman-Larsson     Keith Aulie              60     1   2  2  
 2 Sean Zimmerman           Nick Leddy               40     1   2  2  

Penalty Kill - 3 Players Forward 
   Forward                                           Time % Phy DF OF 
 1 Steven Stamkos                                    60     1   2  2  
 2 Derek Stepan                                      40     1   2  2  

Penalty Kill - 3 Players Defense
   Defense                  Defense                  Time % Phy DF OF 
 1 Oliver Ekman-Larsson     Keith Aulie              60     1   2  2  
 2 Sean Zimmerman           Nick Leddy               40     1   2  2  

4 vs 4 Forward 
   Center                   Wing                     Time % Phy DF OF 
 1 Steven Stamkos           Derek Boogaard           60     1   2  2  
 2 Derek Stepan             Jeff Skinner             40     1   2  2  

4 vs 4 Defense
   Defense                  Defense                  Time % Phy DF OF 
 1 Oliver Ekman-Larsson     Keith Aulie              60     1   2  2  
 2 Sean Zimmerman           Nick Leddy               40     1   2  2  

Last Minutes Offensive
   Center                   Left Wing                Right Wing               Defense                  Defense                  
   Steven Stamkos           Derek Boogaard           Nikita Kucherov          Oliver Ekman-Larsson     Keith Aulie              

Last Minutes Defensive
   Center                   Left Wing                Right Wing               Defense                  Defense                  
   Steven Stamkos           Derek Boogaard           Nikita Kucherov          Oliver Ekman-Larsson     Keith Aulie              

Goaltenders
Starting : Viktor Fasth             
Backup : Jacob Markstrom          

Extra Forwards
Normal : Joe Pavelski, Cal Clutterbuck, Marcus Foligno - PP : Joe Pavelski, Cal Clutterbuck - PK : Joe Pavelski
Extra Defensemen
Normal : Nick Leddy, Damon Severson, Robert Hagg - PP : Nick Leddy - PK : Nick Leddy, Damon Severson
Penalty Shots
Steven Stamkos, Nikita Kucherov, Derek Stepan, Derek Boogaard, Joe Pavelski

Scratches
Lars Eller (Suspend)

Red Wings

5 vs 5 Forward 
   Center                   Left Wing                Right Wing               Time % Phy DF OF 
 1 Henrik Zetterberg        Marko Dano               Nino Niederreiter        40     0   2  3  
 2 Mike Richards            Kris Versteeg            Connor Brown             30     0   2  3  
 3 Dylan Larkin             Tye McGinn               Jordin Tootoo            20     0   2  3  
 4 T.J. Hensick             Michael Haley            Carson Mcmillan          10     0   3  2  

5 vs 5 Defense 
   Defense                  Defense                                           Time % Phy DF OF 
 1 Philip Samuelsson        Drew Fata                                         40     0   2  3  
 2 Jiri Fischer             Ole-Kristian Tollefsen                            30     0   2  3  
 3 Ryan O'Byrne             David Rundblad                                    20     0   2  3  
 4 Ryan O'Byrne             David Rundblad                                    10     0   3  2  

PowerPlay Forward 
   Center                   Left Wing                Right Wing               Time % Phy DF OF 
 1 Henrik Zetterberg        Marko Dano               Nino Niederreiter        60     2   1  2  
 2 Mike Richards            Dylan Larkin             Connor Brown             40     2   1  2  

PowerPlay Defense
   Defense                  Defense                                           Time % Phy DF OF 
 1 Philip Samuelsson        David Rundblad                                    60     1   2  2  
 2 Kris Versteeg            Ole-Kristian Tollefsen                            40     1   2  2  

Penalty Kill 4 Players Forward 
   Center                   Wing                     Time % Phy DF OF 
 1 Kris Versteeg            Carson Mcmillan          60     0   4  1  
 2 T.J. Hensick             Michael Haley            40     0   4  1  

Penalty Kill 4 Players Defense
   Defense                  Defense                  Time % Phy DF OF 
 1 Ole-Kristian Tollefsen   Drew Fata                60     1   4  0  
 2 Philip Samuelsson        Ryan O'Byrne             40     1   4  0  

Penalty Kill - 3 Players Forward 
   Forward                                           Time % Phy DF OF 
 1 Carson Mcmillan                                   60     1   4  0  
 2 Michael Haley                                     40     1   4  0  

Penalty Kill - 3 Players Defense
   Defense                  Defense                  Time % Phy DF OF 
 1 Ole-Kristian Tollefsen   Ryan O'Byrne             60     0   5  0  
 2 Philip Samuelsson        Drew Fata                40     0   5  0  

4 vs 4 Forward 
   Center                   Wing                     Time % Phy DF OF 
 1 Henrik Zetterberg        Marko Dano               55     0   2  3  
 2 Mike Richards            Nino Niederreiter        45     0   2  3  

4 vs 4 Defense
   Defense                  Defense                  Time % Phy DF OF 
 1 Philip Samuelsson        Ole-Kristian Tollefsen   60     0   3  2  
 2 David Rundblad           Jiri Fischer             40     0   3  2  

Last Minutes Offensive
   Center                   Left Wing                Right Wing               Defense                  Defense                  
   Henrik Zetterberg        Kris Versteeg            Nino Niederreiter        Philip Samuelsson        Marko Dano               

Last Minutes Defensive
   Center                   Left Wing                Right Wing               Defense                  Defense                  
   T.J. Hensick             Michael Haley            Carson Mcmillan          Ole-Kristian Tollefsen   Drew Fata                

Goaltenders
Starting : Robin Lehner             
Backup : Mike McKenna             

Extra Forwards
Normal : Dylan Larkin, Kris Versteeg, Connor Brown - PP : Tye McGinn, Carson Mcmillan - PK : Nino Niederreiter
Extra Defensemen
Normal : Philip Samuelsson, Drew Fata, David Rundblad - PP : David Rundblad - PK : Jiri Fischer, David Rundblad
Penalty Shots
Kris Versteeg, Dylan Larkin, Marko Dano, Mike Richards, Carson Mcmillan

Scratches
David Krejci (Healthy), Jakub Kindl (Healthy), Ryane Clowe (Healthy)

% Time on Ice - Penguins

Lines # - Real PCT - Wanted PCT - Time Play
Normal Forward
1 - 33% - 40% - 16:51
2 - 29% - 30% - 14:54
3 - 21% - 20% - 10:40
4 - 17% - 10% - 8:24
Normal Defense
1 - 40% - 40% - 20:20
2 - 32% - 30% - 16:17
3 - 23% - 20% - 11:38
4 - 5% - 10% - 2:34
PP Forward
1 - 57% - 60% - 1:16
2 - 43% - 40% - 0:58
PP Defense
1 - 66% - 60% - 1:29
2 - 34% - 40% - 0:45
PK Forward
1 - 69% - 60% - 4:07
2 - 31% - 40% - 1:50
PK Defense
1 - 50% - 60% - 2:58
2 - 50% - 40% - 2:59
PK3 Forward
1 - 0% - 60%
2 - 0% - 40%
PK3 Defense
1 - 0% - 60%
2 - 0% - 40%
44 Forward
1 - 0% - 60%
2 - 0% - 40%
44 Defense
1 - 0% - 60%
2 - 0% - 40%
Last Minute Offensive  - 0:00
Last Minute Defensive  - 1:00
Total
Forward - 60:00
Defense - 60:00

% Time on Ice - Red Wings

Lines # - Real PCT - Wanted PCT - Time Play
Normal Forward
1 - 34% - 40% - 17:23
2 - 28% - 30% - 14:25
3 - 22% - 20% - 10:59
4 - 16% - 10% - 8:02
Normal Defense
1 - 40% - 40% - 20:27
2 - 32% - 30% - 16:09
3 - 20% - 20% - 9:55
4 - 8% - 10% - 4:18
PP Forward
1 - 56% - 60% - 3:21
2 - 44% - 40% - 2:36
PP Defense
1 - 54% - 60% - 3:14
2 - 46% - 40% - 2:43
PK Forward
1 - 78% - 60% - 1:45
2 - 22% - 40% - 0:29
PK Defense
1 - 61% - 60% - 1:22
2 - 39% - 40% - 0:52
PK3 Forward
1 - 0% - 60%
2 - 0% - 40%
PK3 Defense
1 - 0% - 60%
2 - 0% - 40%
44 Forward
1 - 0% - 55%
2 - 0% - 45%
44 Defense
1 - 0% - 60%
2 - 0% - 40%
Last Minute Offensive  - 1:00
Last Minute Defensive  - 0:00
Total
Forward - 60:00
Defense - 60:00

Play-by-Play

1st period


0:01 of 1st period - Henrik Zetterberg wins face-off versus Steven Stamkos in neutral zone.
0:06 of 1st period - Wrist shot by Nino Niederreiter.
0:06 of 1st period - Shot Misses the Net.
0:08 of 1st period - Snap shot by Nino Niederreiter.
0:08 of 1st period - Shot Misses the Net.
0:10 of 1st period - Slapshot by Nino Niederreiter.
0:10 of 1st period - Shot Blocked by Oliver Ekman-Larsson.
0:12 of 1st period - Snap shot by Henrik Zetterberg.
0:12 of 1st period - Deflect By Nino Niederreiter.
0:12 of 1st period - Stopped by Viktor Fasth with a rebound.
2:12 of 1st period - Robert Hagg is hit by Kris Versteeg and loses puck.
3:24 of 1st period - Snap shot by Brandon Tanev.
3:24 of 1st period - Shot Blocked by Ryan O'Byrne.
3:56 of 1st period - Ryan O'Byrne is hit by Nick Leddy and loses puck.
4:07 of 1st period - Marko Dano is hit by Oliver Ekman-Larsson and loses puck.
4:40 of 1st period - Off-side.
4:41 of 1st period - Joe Colborne wins face-off versus Mike Richards in neutral zone.
4:53 of 1st period - Wrist shot by Kris Versteeg.
4:53 of 1st period - Shot Misses the Net.
5:23 of 1st period - Jiri Fischer is hit by Keith Aulie.
5:27 of 1st period - Slapshot by Mike Richards.
5:27 of 1st period - Stopped by Viktor Fasth without a rebound.
5:28 of 1st period - Henrik Zetterberg wins face-off versus Steven Stamkos in Penguins zone.
5:29 of 1st period - Snap shot by Nino Niederreiter.
5:29 of 1st period - Shot Misses the Net.
5:31 of 1st period - Snap shot by Henrik Zetterberg.
5:31 of 1st period - Shot Blocked by Sean Zimmerman.
5:33 of 1st period - Wrist shot by Nino Niederreiter.
5:33 of 1st period - Stopped by Viktor Fasth without a rebound.
5:34 of 1st period - Nino Niederreiter wins face-off versus Steven Stamkos in Penguins zone.
6:05 of 1st period - Snap shot by Dylan Larkin.
6:05 of 1st period - Stopped by Viktor Fasth without a rebound.
6:06 of 1st period - Dylan Larkin wins face-off versus Derek Stepan in Penguins zone.
6:21 of 1st period - Tye McGinn is hit by Jeff Skinner and loses puck.
7:30 of 1st period - Slapshot by Keith Aulie.
7:30 of 1st period - Stopped by Robin Lehner without a rebound.
7:31 of 1st period - Henrik Zetterberg wins face-off versus Steven Stamkos in Red Wings zone.
7:45 of 1st period - Minor Penalty to Robert Hagg for Roughing.
7:46 of 1st period - Steven Stamkos wins face-off versus Henrik Zetterberg in Penguins zone.
8:20 of 1st period - Wrist shot by Dylan Larkin.
8:20 of 1st period - Shot Blocked by Keith Aulie.
8:56 of 1st period - Kris Versteeg is hit by Derek Stepan and loses puck.
9:21 of 1st period - Ole-Kristian Tollefsen is hit by Joe Pavelski and loses puck.
9:45 of 1st period - Penalty to Robert Hagg is over, Robert Hagg is back on ice.
9:52 of 1st period - Marcus Foligno is hit by T.J. Hensick and loses puck.
10:01 of 1st period - Slapshot by T.J. Hensick.
10:01 of 1st period - Shot Misses the Net.
10:11 of 1st period - Tye McGinn is hit by Joe Colborne and loses puck.
11:02 of 1st period - Icing by Connor Brown.
11:03 of 1st period - Mike Richards wins face-off versus Joe Colborne in Red Wings zone.
11:31 of 1st period - Slapshot by Carson Mcmillan.
11:31 of 1st period - Stopped by Viktor Fasth with a rebound.
12:04 of 1st period - Wrist shot by Marko Dano.
12:04 of 1st period - Stopped by Viktor Fasth with a rebound.
12:06 of 1st period - Minor Penalty to Roope Hintz for Charging.
12:07 of 1st period - Henrik Zetterberg wins face-off versus Steven Stamkos in Penguins zone.
12:18 of 1st period - Slapshot by Henrik Zetterberg.
12:18 of 1st period - Shot Blocked by Steven Stamkos.
14:06 of 1st period - Penalty to Roope Hintz is over, Roope Hintz is back on ice.
14:17 of 1st period - Wrist shot by Tye McGinn.
14:17 of 1st period - Shot Blocked by Nick Leddy.
14:26 of 1st period - Off-side.
14:27 of 1st period - T.J. Hensick wins face-off versus Joe Colborne in neutral zone.
14:51 of 1st period - Snap shot by Jordin Tootoo.
14:51 of 1st period - Stopped by Viktor Fasth without a rebound.
14:52 of 1st period - Roope Hintz wins face-off versus Dylan Larkin in Penguins zone.
15:21 of 1st period - Snap shot by Brandon Tanev.
15:21 of 1st period - Shot Blocked by Ryan O'Byrne.
15:29 of 1st period - Wrist shot by Tye McGinn.
15:29 of 1st period - Stopped by Viktor Fasth with a rebound.
15:31 of 1st period - Snap shot by Jordin Tootoo.
15:31 of 1st period - Stopped by Viktor Fasth without a rebound.
15:32 of 1st period - Henrik Zetterberg wins face-off versus Steven Stamkos in Penguins zone.
15:43 of 1st period - Keith Aulie is hit by Henrik Zetterberg and loses puck.
16:03 of 1st period - Slapshot by Ole-Kristian Tollefsen.
16:03 of 1st period - Shot Blocked by Joe Pavelski.
16:05 of 1st period - Snap shot by Ole-Kristian Tollefsen.
16:05 of 1st period - Stopped by Viktor Fasth without a rebound.
16:06 of 1st period - Henrik Zetterberg wins face-off versus Derek Stepan in Penguins zone.
16:07 of 1st period - Snap shot by Nino Niederreiter.
16:07 of 1st period - Stopped by Viktor Fasth without a rebound.
16:08 of 1st period - Derek Stepan wins face-off versus Henrik Zetterberg in Penguins zone.
16:08 of 1st period - Derek Stepan is hit by Nino Niederreiter.
16:16 of 1st period - Nick Leddy is hit by Ole-Kristian Tollefsen.
16:34 of 1st period - Snap shot by Dylan Larkin.
16:34 of 1st period - Shot Blocked by Sean Zimmerman.
16:46 of 1st period - Snap shot by Jeff Skinner.
16:46 of 1st period - Shot Misses the Net.
16:48 of 1st period - Wrist shot by Jeff Skinner.
16:48 of 1st period - Stopped by Robin Lehner without a rebound.
16:49 of 1st period - Henrik Zetterberg wins face-off versus Steven Stamkos in Red Wings zone.
17:16 of 1st period - Keith Aulie is hit by Drew Fata and loses puck.
17:55 of 1st period - Slapshot by Oliver Ekman-Larsson.
17:55 of 1st period - Deflect By Tye McGinn.
17:55 of 1st period - Stopped by Robin Lehner without a rebound.
17:56 of 1st period - Steven Stamkos wins face-off versus Dylan Larkin in Red Wings zone.
17:59 of 1st period - Snap shot by Nikita Kucherov.
17:59 of 1st period - Shot Blocked by Drew Fata.
18:21 of 1st period - Philip Samuelsson is hit by Jeff Skinner and loses puck.
18:42 of 1st period - Slapshot by Sean Zimmerman.
18:42 of 1st period - Deflect By Brandon Tanev.
18:42 of 1st period - Shot Blocked by Ole-Kristian Tollefsen.
18:42 of 1st period - Puck is out of play.
18:43 of 1st period - Roope Hintz wins face-off versus Mike Richards in Red Wings zone.
18:44 of 1st period - Slapshot by Brandon Tanev.
18:44 of 1st period - Stopped by Robin Lehner without a rebound.
18:45 of 1st period - Mike Richards wins face-off versus Roope Hintz in Red Wings zone.
18:50 of 1st period - Slapshot by Ole-Kristian Tollefsen.
18:50 of 1st period - Stopped by Viktor Fasth without a rebound.
18:51 of 1st period - Steven Stamkos wins face-off versus Henrik Zetterberg in Penguins zone.
19:18 of 1st period - Joe Pavelski is hit by Kris Versteeg and loses puck.
19:29 of 1st period - Snap shot by Connor Brown.
19:29 of 1st period - Stopped by Viktor Fasth without a rebound.
19:30 of 1st period - Steven Stamkos wins face-off versus Mike Richards in Penguins zone.
19:39 of 1st period - Snap shot by Steven Stamkos.
19:39 of 1st period - Stopped by Robin Lehner without a rebound.
19:40 of 1st period - Steven Stamkos wins face-off versus Mike Richards in Red Wings zone.
19:57 of 1st period - Snap shot by Derek Boogaard.
19:57 of 1st period - Stopped by Robin Lehner with a rebound.
Goals for this period are 0 for Penguins vs 0 for Red Wings.
Shots for this period are 6 for Penguins vs 13 for Red Wings.

2nd period


0:01 of 2nd period - Marko Dano wins face-off versus Nikita Kucherov in neutral zone.
0:35 of 2nd period - Snap shot by Joe Pavelski.
0:35 of 2nd period - Shot Misses the Net.
0:57 of 2nd period - Clarke MacArthur is hit by Tye McGinn and loses puck.
1:20 of 2nd period - Wrist shot by Brandon Tanev.
1:20 of 2nd period - Shot Misses the Net.
1:22 of 2nd period - Wrist shot by Brandon Tanev.
1:22 of 2nd period - Shot Misses the Net.
2:02 of 2nd period - Slapshot by Keith Aulie.
2:02 of 2nd period - Stopped by Robin Lehner with a rebound.
2:35 of 2nd period - Wrist shot by Keith Aulie.
2:35 of 2nd period - Stopped by Robin Lehner with a rebound.
2:41 of 2nd period - Wrist shot by Brandon Tanev.
2:41 of 2nd period - Shot Blocked by Philip Samuelsson.
2:51 of 2nd period - Oliver Ekman-Larsson is hit by T.J. Hensick and loses puck.
3:06 of 2nd period - Slapshot by Steven Stamkos.
3:06 of 2nd period - Deflect By Derek Boogaard.
3:06 of 2nd period - Stopped by Robin Lehner without a rebound.
3:07 of 2nd period - Steven Stamkos wins face-off versus Henrik Zetterberg in Red Wings zone.
3:14 of 2nd period - Slapshot by David Rundblad.
3:14 of 2nd period - Shot Blocked by Derek Boogaard.
4:17 of 2nd period - Snap shot by Nino Niederreiter.
4:17 of 2nd period - Deflect By Nikita Kucherov.
4:17 of 2nd period - Stopped by Viktor Fasth with a rebound.
4:19 of 2nd period - Snap shot by Nino Niederreiter.
4:19 of 2nd period - Shot Blocked by Damon Severson.
4:21 of 2nd period - Slapshot by Marko Dano.
4:21 of 2nd period - Deflect By Henrik Zetterberg.
4:21 of 2nd period - Shot Misses the Net.
4:21 of 2nd period - Puck is out of play.
4:22 of 2nd period - Mike Richards wins face-off versus Derek Stepan in Penguins zone.
5:14 of 2nd period - Slapshot by Jiri Fischer.
5:14 of 2nd period - Stopped by Viktor Fasth without a rebound.
5:15 of 2nd period - Mike Richards wins face-off versus Derek Stepan in Penguins zone.
5:24 of 2nd period - Snap shot by Kris Versteeg.
5:24 of 2nd period - Shot Misses the Net.
6:05 of 2nd period - Slapshot by Oliver Ekman-Larsson.
6:05 of 2nd period - Shot Misses the Net.
6:07 of 2nd period - Slapshot by Marcus Foligno.
6:07 of 2nd period - Shot Misses the Net.
6:09 of 2nd period - Snap shot by Marcus Foligno.
6:09 of 2nd period - Shot Misses the Net.
6:27 of 2nd period - Wrist shot by Nikita Kucherov.
6:27 of 2nd period - Stopped by Robin Lehner without a rebound.
6:28 of 2nd period - Derek Stepan wins face-off versus Marko Dano in Red Wings zone.
6:29 of 2nd period - Wrist shot by Joe Pavelski.
6:29 of 2nd period - Deflect By Derek Stepan.
6:29 of 2nd period - Stopped by Robin Lehner without a rebound.
6:30 of 2nd period - Derek Stepan wins face-off versus Marko Dano in Red Wings zone.
8:52 of 2nd period - Slapshot by Damon Severson.
8:52 of 2nd period - Stopped by Robin Lehner with a rebound.
9:10 of 2nd period - Drew Fata is hit by Damon Severson and loses puck.
9:25 of 2nd period - Wrist shot by Joe Pavelski.
9:25 of 2nd period - Stopped by Robin Lehner with a rebound.
9:46 of 2nd period - Mike Richards is hit by Cal Clutterbuck and loses puck.
9:51 of 2nd period - Wrist shot by Joe Colborne.
9:51 of 2nd period - Shot Misses the Net.
10:38 of 2nd period - Minor Penalty to Keith Aulie for Tripping.
10:39 of 2nd period - Henrik Zetterberg wins face-off versus Steven Stamkos in Penguins zone.
11:14 of 2nd period - Snap shot by Connor Brown.
11:14 of 2nd period - Shot Misses the Net.
12:04 of 2nd period - Derek Stepan is hit by Dylan Larkin and loses puck.
12:38 of 2nd period - Penalty to Keith Aulie is over, Keith Aulie is back on ice.
12:42 of 2nd period - Slapshot by Derek Stepan.
12:42 of 2nd period - Stopped by Robin Lehner with a rebound.
12:56 of 2nd period - Clarke MacArthur is hit by Ole-Kristian Tollefsen and loses puck.
13:06 of 2nd period - Off-side.
13:07 of 2nd period - Dylan Larkin wins face-off versus Brandon Tanev in neutral zone.
13:09 of 2nd period - Minor Penalty to Dylan Larkin for Roughing.
13:10 of 2nd period - Steven Stamkos wins face-off versus Kris Versteeg in Red Wings zone.
13:24 of 2nd period - Slapshot by Steven Stamkos.
13:24 of 2nd period - Goal by Steven Stamkos - Penguins : 1 - Red Wings : 0.
13:25 of 2nd period - Henrik Zetterberg wins face-off versus Steven Stamkos in neutral zone.
13:36 of 2nd period - Snap shot by Oliver Ekman-Larsson.
13:36 of 2nd period - Stopped by Robin Lehner without a rebound.
13:37 of 2nd period - Henrik Zetterberg wins face-off versus Derek Boogaard in Red Wings zone.
13:47 of 2nd period - Nino Niederreiter is hit by Derek Boogaard and loses puck.
14:30 of 2nd period - Off-side.
14:31 of 2nd period - Dylan Larkin wins face-off versus Steven Stamkos in neutral zone.
14:46 of 2nd period - Jiri Fischer is hit by Nikita Kucherov and loses puck.
14:57 of 2nd period - Jiri Fischer is hit by Derek Stepan and loses puck.
15:50 of 2nd period - Wrist shot by Nikita Kucherov.
15:50 of 2nd period - Stopped by Robin Lehner with a rebound.
15:52 of 2nd period - Snap shot by Derek Boogaard.
15:52 of 2nd period - Stopped by Robin Lehner without a rebound.
15:53 of 2nd period - Henrik Zetterberg wins face-off versus Derek Stepan in Red Wings zone.
17:28 of 2nd period - Snap shot by Derek Stepan.
17:28 of 2nd period - Stopped by Robin Lehner without a rebound.
17:29 of 2nd period - Derek Stepan wins face-off versus Henrik Zetterberg in Red Wings zone.
18:29 of 2nd period - Snap shot by Nino Niederreiter.
18:29 of 2nd period - Stopped by Viktor Fasth without a rebound.
18:30 of 2nd period - Mike Richards wins face-off versus Derek Boogaard in Penguins zone.
18:31 of 2nd period - Snap shot by Kris Versteeg.
18:31 of 2nd period - Goal by Kris Versteeg - Penguins : 1 - Red Wings : 1.
18:32 of 2nd period - Steven Stamkos wins face-off versus Mike Richards in neutral zone.
18:39 of 2nd period - Wrist shot by Kris Versteeg.
18:39 of 2nd period - Shot Misses the Net.
18:41 of 2nd period - Slapshot by Mike Richards.
18:41 of 2nd period - Stopped by Viktor Fasth with a rebound.
18:43 of 2nd period - Snap shot by Mike Richards.
18:43 of 2nd period - Shot Misses the Net.
18:45 of 2nd period - Backhand shot by Connor Brown.
18:45 of 2nd period - Shot Misses the Net.
18:47 of 2nd period - Wrist shot by Connor Brown.
18:47 of 2nd period - Deflect By Mike Richards.
18:47 of 2nd period - Shot Misses the Net.
18:47 of 2nd period - Puck is out of play.
18:48 of 2nd period - Derek Stepan wins face-off versus Henrik Zetterberg in Penguins zone.
18:48 of 2nd period - Derek Stepan is hit by Marko Dano.
19:15 of 2nd period - Philip Samuelsson is hit by Nikita Kucherov and loses puck.
19:22 of 2nd period - Derek Boogaard is hit by Connor Brown and loses puck.
19:26 of 2nd period - Icing by Keith Aulie.
19:27 of 2nd period - Steven Stamkos wins face-off versus Henrik Zetterberg in Penguins zone.
19:34 of 2nd period - Snap shot by Derek Boogaard.
19:34 of 2nd period - Deflect By Steven Stamkos.
19:34 of 2nd period - Shot Blocked by Nino Niederreiter.
19:34 of 2nd period - Puck is out of play.
19:35 of 2nd period - Henrik Zetterberg wins face-off versus Steven Stamkos in Red Wings zone.
19:35 of 2nd period - Henrik Zetterberg is hit by Steven Stamkos.
19:49 of 2nd period - Wrist shot by Henrik Zetterberg.
19:49 of 2nd period - Stopped by Viktor Fasth without a rebound.
19:50 of 2nd period - Mike Richards wins face-off versus Derek Stepan in Penguins zone.
Goals for this period are 1 for Penguins vs 1 for Red Wings.
Shots for this period are 13 for Penguins vs 6 for Red Wings.

3rd period


0:01 of 3rd period - Henrik Zetterberg wins face-off versus Steven Stamkos in neutral zone.
0:26 of 3rd period - Philip Samuelsson is hit by Keith Aulie.
0:29 of 3rd period - Off-side.
0:30 of 3rd period - Mike Richards wins face-off versus Derek Stepan in neutral zone.
0:33 of 3rd period - Wrist shot by Kris Versteeg.
0:33 of 3rd period - Deflect By Joe Pavelski.
0:33 of 3rd period - Stopped by Viktor Fasth with a rebound.
0:43 of 3rd period - Snap shot by Derek Stepan.
0:43 of 3rd period - Shot Blocked by Mike Richards.
1:23 of 3rd period - Slapshot by Joe Pavelski.
1:23 of 3rd period - Shot Misses the Net.
1:45 of 3rd period - Snap shot by Derek Stepan.
1:45 of 3rd period - Stopped by Robin Lehner without a rebound.
1:46 of 3rd period - Steven Stamkos wins face-off versus Henrik Zetterberg in Red Wings zone.
1:53 of 3rd period - Wrist shot by Steven Stamkos.
1:53 of 3rd period - Shot Misses the Net.
1:55 of 3rd period - Snap shot by Nikita Kucherov.
1:55 of 3rd period - Stopped by Robin Lehner without a rebound.
1:56 of 3rd period - Steven Stamkos wins face-off versus Henrik Zetterberg in Red Wings zone.
2:29 of 3rd period - Snap shot by Nino Niederreiter.
2:29 of 3rd period - Stopped by Viktor Fasth with a rebound.
2:41 of 3rd period - Wrist shot by Steven Stamkos.
2:41 of 3rd period - Goal by Steven Stamkos - Penguins : 2 - Red Wings : 1.
2:42 of 3rd period - Mike Richards wins face-off versus Joe Colborne in neutral zone.
3:09 of 3rd period - Joe Pavelski is hit by Tye McGinn and loses puck.
4:28 of 3rd period - Minor Penalty to Philip Samuelsson for Hooking.
4:29 of 3rd period - Carson Mcmillan wins face-off versus Steven Stamkos in Red Wings zone.
5:00 of 3rd period - Wrist shot by Derek Stepan.
5:00 of 3rd period - Stopped by Robin Lehner without a rebound.
5:01 of 3rd period - Kris Versteeg wins face-off versus Derek Stepan in Red Wings zone.
6:22 of 3rd period - Jiri Fischer is hit by Keith Aulie and loses puck.
6:28 of 3rd period - Penalty to Philip Samuelsson is over, Philip Samuelsson is back on ice.
6:41 of 3rd period - Cal Clutterbuck is hit by Marko Dano and loses puck.
6:46 of 3rd period - Snap shot by Nino Niederreiter.
6:46 of 3rd period - Shot Misses the Net.
6:48 of 3rd period - Wrist shot by Nino Niederreiter.
6:48 of 3rd period - Stopped by Viktor Fasth with a rebound.
7:21 of 3rd period - Wrist shot by Cal Clutterbuck.
7:21 of 3rd period - Shot Misses the Net.
8:09 of 3rd period - Wrist shot by Nino Niederreiter.
8:09 of 3rd period - Shot Blocked by Keith Aulie.
8:11 of 3rd period - Snap shot by Philip Samuelsson.
8:11 of 3rd period - Shot Blocked by Keith Aulie.
8:19 of 3rd period - Snap shot by Henrik Zetterberg.
8:19 of 3rd period - Shot Hit the Post.
8:29 of 3rd period - Snap shot by Nino Niederreiter.
8:29 of 3rd period - Shot Misses the Net.
8:31 of 3rd period - Slapshot by Drew Fata.
8:31 of 3rd period - Deflect By Derek Stepan.
8:31 of 3rd period - Stopped by Viktor Fasth with a rebound.
8:37 of 3rd period - Wrist shot by Henrik Zetterberg.
8:37 of 3rd period - Shot Misses the Net.
8:39 of 3rd period - Slapshot by Drew Fata.
8:39 of 3rd period - Stopped by Viktor Fasth with a rebound.
8:41 of 3rd period - Wrist shot by Henrik Zetterberg.
8:41 of 3rd period - Stopped by Viktor Fasth without a rebound.
8:42 of 3rd period - Mike Richards wins face-off versus Steven Stamkos in Penguins zone.
9:14 of 3rd period - Wrist shot by Dylan Larkin.
9:14 of 3rd period - Shot Blocked by Joe Colborne.
9:52 of 3rd period - Steven Stamkos is hit by Kris Versteeg and loses puck.
10:20 of 3rd period - Damon Severson is hit by Kris Versteeg and loses puck.
10:31 of 3rd period - T.J. Hensick is hit by Brandon Tanev and loses puck.
10:40 of 3rd period - Wrist shot by Marcus Foligno.
10:40 of 3rd period - Shot Misses the Net.
10:54 of 3rd period - Wrist shot by Jordin Tootoo.
10:54 of 3rd period - Stopped by Viktor Fasth without a rebound.
10:55 of 3rd period - Steven Stamkos wins face-off versus Dylan Larkin in Penguins zone.
11:00 of 3rd period - Dylan Larkin is hit by Damon Severson and loses puck.
11:09 of 3rd period - Wrist shot by Steven Stamkos.
11:09 of 3rd period - Shot Misses the Net.
11:21 of 3rd period - Dylan Larkin is hit by Joe Colborne and loses puck.
11:48 of 3rd period - Oliver Ekman-Larsson is hit by Marko Dano and loses puck.
12:02 of 3rd period - Icing by Drew Fata.
12:03 of 3rd period - Henrik Zetterberg wins face-off versus Roope Hintz in Red Wings zone.
12:03 of 3rd period - Henrik Zetterberg is hit by Marcus Foligno.
12:30 of 3rd period - Steven Stamkos is hit by Carson Mcmillan.
12:34 of 3rd period - Slapshot by Sean Zimmerman.
12:34 of 3rd period - Stopped by Robin Lehner without a rebound.
12:35 of 3rd period - Steven Stamkos wins face-off versus T.J. Hensick in Red Wings zone.
12:46 of 3rd period - Snap shot by Nikita Kucherov.
12:46 of 3rd period - Shot Misses the Net.
13:00 of 3rd period - Keith Aulie is hit by Nino Niederreiter and loses puck.
13:21 of 3rd period - Derek Stepan is hit by Tye McGinn and loses puck.
13:44 of 3rd period - Connor Brown is hit by Joe Colborne and loses puck.
13:53 of 3rd period - Keith Aulie is hit by Kris Versteeg and loses puck.
14:06 of 3rd period - Jiri Fischer is hit by Nikita Kucherov and loses puck.
14:16 of 3rd period - Off-side.
14:17 of 3rd period - Steven Stamkos wins face-off versus Marko Dano in neutral zone.
14:30 of 3rd period - Wrist shot by Steven Stamkos.
14:30 of 3rd period - Stopped by Robin Lehner with a rebound.
14:32 of 3rd period - Wrist shot by Nikita Kucherov.
14:32 of 3rd period - Shot Blocked by Philip Samuelsson.
14:44 of 3rd period - Cal Clutterbuck is hit by Philip Samuelsson and loses puck.
15:03 of 3rd period - Slapshot by Derek Stepan.
15:03 of 3rd period - Deflect By Jeff Skinner.
15:03 of 3rd period - Stopped by Robin Lehner with a rebound.
15:05 of 3rd period - Slapshot by Jeff Skinner.
15:05 of 3rd period - Stopped by Robin Lehner with a rebound.
15:56 of 3rd period - David Rundblad is hit by Marcus Foligno and loses puck.
15:57 of 3rd period - David Rundblad from Red Wings is injured at 15:57 of 3rd period (Strained Right Elbow).
15:58 of 3rd period - Dylan Larkin wins face-off versus Cal Clutterbuck in Red Wings zone.
17:11 of 3rd period - Wrist shot by Carson Mcmillan.
17:11 of 3rd period - Shot Blocked by Nick Leddy.
17:13 of 3rd period - Slapshot by Carson Mcmillan.
17:13 of 3rd period - Stopped by Viktor Fasth without a rebound.
17:14 of 3rd period - Joe Colborne wins face-off versus Dylan Larkin in Penguins zone.
17:25 of 3rd period - Wrist shot by Joe Colborne.
17:25 of 3rd period - Shot Misses the Net.
18:27 of 3rd period - Wrist shot by Jiri Fischer.
18:27 of 3rd period - Shot Blocked by Jeff Skinner.
18:49 of 3rd period - Wrist shot by Joe Colborne.
18:49 of 3rd period - Stopped by Robin Lehner without a rebound.
18:50 of 3rd period - Terry Murray call a timeout for Red Wings.
18:50 of 3rd period - Joe Colborne wins face-off versus Mike Richards in Red Wings zone.
18:55 of 3rd period - Wrist shot by Cal Clutterbuck.
18:55 of 3rd period - Stopped by Robin Lehner with a rebound.
18:59 of 3rd period - Snap shot by Oliver Ekman-Larsson.
18:59 of 3rd period - Deflect By Joe Colborne.
18:59 of 3rd period - Shot Blocked by Kris Versteeg.
18:59 of 3rd period - Puck is out of play.
19:00 of 3rd period - Derek Boogaard wins face-off versus Henrik Zetterberg in Red Wings zone.
19:25 of 3rd period - Nino Niederreiter is hit by Steven Stamkos and loses puck.
19:40 of 3rd period - Snap shot by Steven Stamkos.
19:40 of 3rd period - Shot Blocked by Philip Samuelsson.
19:46 of 3rd period - Backhand shot by Nikita Kucherov.
19:46 of 3rd period - Shot Misses the Net.
19:48 of 3rd period - Snap shot by Nikita Kucherov.
19:48 of 3rd period - Shot Blocked by Marko Dano.
19:50 of 3rd period - Slapshot by Keith Aulie.
19:50 of 3rd period - Stopped by Robin Lehner with a rebound.
19:52 of 3rd period - Slapshot by Oliver Ekman-Larsson.
19:52 of 3rd period - Stopped by Robin Lehner without a rebound.
19:53 of 3rd period - Steven Stamkos wins face-off versus Henrik Zetterberg in Red Wings zone.
Goals for this period are 1 for Penguins vs 0 for Red Wings.
Shots for this period are 12 for Penguins vs 8 for Red Wings.